 Dungeon Sprint DCSS version 0.30.1-9-gdf580d7c3d (webtiles) character file.

Game seed: 6296867858051206127

176 Heoruswealwe the Spear-Bearer (level 5, -19/52 HPs)
             Began as a Minotaur Fighter on Oct 25, 2023.
             Was an Initiate of Gozag.
             Demolished by a komodo dragon (21 damage)
             ... in the Dungeon (Sprint IX: "|||||||||||||||||||||||||||||").
             The game lasted 00:01:04 (103 turns).

Heoruswealwe the Spear-Bearer (Minotaur Fighter)     Turns: 103, Time: 00:01:05

Health: -19/52     AC:  8    Str: 22    XL:     5   Next: 30%
Magic:  4/4        EV: 10    Int:  5    God:    Gozag
Gold:   0          SH:  0    Dex: 10    Spells: 4/4 levels left

rFire   . . .        b - +2 halberd (venom)
rCold   . . .        (shield currently unavailable)
rNeg    . . .        c - +0 scale mail
rPois   .            (helmet restricted)
rElec   .            (no cloak)
rCorr   .            (no gloves)
SInv    .            (no boots)
Will    .....        (no amulet) Stlth
                     (no ring)
HPRegen 0.28/turn    (no ring)
MPRegen 0.09/turn

%: no teleportation
@: no status effects
A: horns 2, retaliatory headbutt
a: Renounce Religion, Potion Petition, Call Merchant, Bribe Branch


You were in the Dungeon.
You worshipped Gozag.
Gozag was noncommittal.
You visited 1 branch

Inventory:

Hand Weapons
 a - a +0 trident
 b - a +2 halberd of venom (weapon)
Armour
 c - a +0 scale mail (worn)
 d - a +0 buckler
Jewellery
 l - a +2 ring of protection
 m - a +3 ring of strength
Wands
 h - a wand of quicksilver (10)
Scrolls
 j - 2 scrolls of blinking
Potions
 e - 5 potions of curing
 f - 3 potions of heal wounds
 g - a potion of haste
 i - a potion of berserk rage
 k - a potion of might


   Skills:
 + Level 7.4 Fighting
 * Level 9.5 Polearms
 + Level 7.4 Armour
 - Level 3.6 Shields


You had 4 spell levels left.
You didn't know any spells.
Your spell library was empty.

Dungeon Overview and Level Annotations

Branches:
Dungeon (1/1)

Altars:
Cheibriados
Dithmenos
Elyvilon
Fedhas
Gozag
Hepliaklqana
Kikubaaqudgha
Makhleb
Nemelex Xobeh
Okawaru
Qazlal
Ru
Sif Muna
Trog
Uskayaw
Vehumet
Wu Jian
Xom
Yredelemnul
Zin
The Shining One
Jiyva
Lugonu


Innate Abilities, Weirdness & Mutations

You have a pair of horns on your head.
You reflexively headbutt those who attack you in melee.


Message History

Items here: )))))).
k - a +2 halberd of venom Adjust (i)tems, (s)pells, or (a)bilities?
k - a +2 halberd of venom Adjust to which letter? (? for menu, Esc to quit)
b - a +2 halberd of venom;
k - a potion of might You start removing your armour.
You continue taking off your +0 buckler. x4
You finish taking off your +0 buckler.
Unknown command.
Your +2 halberd of venom begins to drip with poison!
b - a +2 halberd of venom (weapon)
You see here a +0 cloak.
You see here a +0 cloak.
You see here a +0 plate armour.
l - a +2 ring of protection
m - a +3 ring of strength You open the door.
A gnoll bouda, a vampire mosquito, a vampire, an orc warrior and a komodo dragon come into view.
The gnoll bouda shouts!
The vampire mosquito buzzes angrily.
The orc warrior shouts!
You barely miss the komodo dragon.
You headbutt the komodo dragon, but do no damage.
The komodo dragon misses you.
You hit the komodo dragon.
The komodo dragon is poisoned.
You headbutt the komodo dragon, but do no damage.
The komodo dragon is lightly wounded.
The komodo dragon bites you but does no damage.
You hit the komodo dragon.
The komodo dragon looks as sick as possible!
The komodo dragon is lightly wounded.
The komodo dragon bites you!!
* * * LOW HITPOINT WARNING * * *
The komodo dragon barely misses you.
You hit the komodo dragon.
The komodo dragon looks as sick as possible!
The komodo dragon is moderately wounded.
The komodo dragon bites you!!
You die...
Your body crumbles into a pile of gold. $$$$$ $ $ $ $$$$$ $$$$$$ $ $ ▓▓▓▓▓▓▓▓▓▓▓▓▓▓▓▓▓▓▓▓▓▓▓▓ ..gyVol@.[[[.)?!'_______ ▓▓▓▓▓▓▓▓▓▓▓▓▓▓▓▓▓▓▓▓▓▓▓▓

You could see a komodo dragon (extremely poisoned), a vampire, an orc warrior, a vampire mosquito and a gnoll bouda.

Vanquished Creatures
  An ogre (D)
  A scorpion (D)
  2 adders (D)
  An ufetubus (D)
  A quokka (D)
  3 frilled lizards (D)
  A kobold (D)
10 creatures vanquished.

Notes
Turn   | Place    | Note
-------+----------+-------------------------------------------
     0 | D        | Heoruswealwe the Minotaur Fighter began the quest for the
                  | Orb.
     0 | D        | Reached XP level 1. HP: 19/19 MP: 0/0
    11 | D        | Reached skill level 3 in Polearms
    22 | D        | Noticed an ogre
    22 | D        | Noticed a scorpion
    24 | D        | Reached skill level 4 in Polearms
    24 | D        | Reached XP level 2. HP: 28/28 MP: 1/1
    29 | D        | Killed a scorpion
    30 | D        | Reached skill level 5 in Fighting
    30 | D        | Reached skill level 7 in Polearms
    30 | D        | Reached skill level 5 in Armour
    30 | D        | Reached XP level 3. HP: 37/37 MP: 2/2
    30 | D        | Reached XP level 4. HP: 44/44 MP: 3/3
    41 | D        | Killed an ogre
    42 | D        | Reached skill level 9 in Polearms
    42 | D        | Reached XP level 5. HP: 3/52 MP: 4/4
    49 | D        | Found a snail-covered altar of Cheibriados.
    49 | D        | Found a shadowy altar of Dithmenos.
    49 | D        | Found a white marble altar of Elyvilon.
    49 | D        | Found a blossoming altar of Fedhas.
    49 | D        | Found an opulent altar of Gozag.
    50 | D        | Found a hazy altar of Hepliaklqana.
    51 | D        | Found a viscous altar of Jiyva.
    52 | D        | Found an ancient bone altar of Kikubaaqudgha.
    53 | D        | Found a corrupted altar of Lugonu.
    54 | D        | Found a burning altar of Makhleb.
    55 | D        | Found a sparkling altar of Nemelex Xobeh.
    56 | D        | Found an iron altar of Okawaru.
    57 | D        | Became a worshipper of Gozag Ym Sagoz the Greedy
    58 | D        | Found a stormy altar of Qazlal.
    59 | D        | Found a sacrificial altar of Ru.
    60 | D        | Found a shimmering blue altar of Sif Muna.
    61 | D        | Found a bloodstained altar of Trog.
    62 | D        | Found a hide-covered altar of Uskayaw.
    63 | D        | Found a radiant altar of Vehumet.
    64 | D        | Found an ornate altar of the Wu Jian Council.
    65 | D        | Found a shimmering altar of Xom.
    66 | D        | Found a basalt altar of Yredelemnul.
    67 | D        | Found a glowing silver altar of Zin.
    68 | D        | Found a glowing golden altar of the Shining One.
    99 | D        | Noticed a vampire mosquito
    99 | D        | Noticed a vampire
    99 | D        | Noticed an orc warrior
    99 | D        | Noticed a komodo dragon
   102 | D        | HP: 2/52 [komodo dragon (18)]
   103 | D        | Demolished by a komodo dragon

Illustrated notes

Levels and vault maps discovered:
D:        linesprint [early_d, line_temple, items_1, d_10, items_2, lair_1,
          lair_end, items_3, orc_1, orc_end, items_4, d_15, swamp_1, shoals_1,
          snake_1, spider_1, d_20, vaults_1, items_5, swamp_end, shoals_end,
          snake_end, spider_end, vaults_end, d_27, items_6, zot_1, zot_end,
          crypt_end, forest_end, elf_end, slime_end, tomb_end, abyss_end,
          pan_hell_end]

Skill      XL: |  1  2  3  4 |
---------------+-------------+-----
Polearms       | 4 7 9 |  9.5
Fighting       | 4 5 7 |  7.4
Armour         | 4 5 7 |  7.4
Shields        | |  3.6

Action                     |  1- 3 |  4- 6 || total
---------------------------+-------+-------++-------
  Melee: Trident           |    16 |    13 ||    29
         Headbutt          |     2 |     4 ||     6
         Halberd           |       |     4 ||     4
 Armour: Scale mail        |       |     5 ||     5
  Dodge: Dodged            |     9 |     3 ||    12
  Block: Buckler           |     3 |     1 ||     4
